TOP OF THE 1ST |
Lee's Summit Tigers batting - Pitching for Cincinnati Pride : RHP Tomás Pagán
|
Pitching: RHP Tomás Pagán
|
|
Batting: SHB Juan Glaviz
|
0-0: Ball 1-0: Foul Ball, location: 2F 1-1: Foul Ball, location: 2F 1-2: Ball 2-2: Foul Ball, location: 2F 2-2: Fly out, F8 (Flyball, 8LD)
|
Batting: RHB Carlos Flores
|
0-0: Ball 1-0: Fly out, F7 (Line Drive, 7M)
|
Batting: RHB Ed Watkins
|
0-0: Ball 1-0: Foul Ball, location: 2F 1-1: Swinging Strike 1-2: Ground out 6-3 (Groundball, 6)
|
Top of the 1st over - 0 run(s), 0 hit(s), 0 error(s), 0 left on base; Lee's Summit 0 - Cincinnati 0 |
BOTTOM OF THE 1ST |
Cincinnati Pride batting - Pitching for Lee's Summit Tigers : LHP Craig Sturdy
|
Pitching: LHP Craig Sturdy
|
|
Batting: RHB Larry Booth
|
0-0: Swinging Strike 0-1: Ball 1-1: Ball 2-1: Ball 3-1: Swinging Strike 3-2: Strikes out looking
|
Batting: RHB Wilson Flores
|
0-0: Fly out, F8 (Line Drive, 8LM)
|
Batting: RHB Michael Skinner
|
0-0: Fly out, F6 (Popup, 6D)
|
Bottom of the 1st over - 0 run(s), 0 hit(s), 0 error(s), 0 left on base; Lee's Summit 0 - Cincinnati 0 |
TOP OF THE 2ND |
Lee's Summit Tigers batting - Pitching for Cincinnati Pride : RHP Tomás Pagán
|
Batting: RHB Doug Delaney
|
0-0: Called Strike 0-1: Ball 1-1: Ball 2-1: Called Strike 2-2: Ball 3-2: Base on Balls
|
Batting: LHB Alfredo Sánchez
|
0-0: Ball 1-0: Foul Ball, location: 2F 1-1: Foul Ball, location: 2F 1-2: Grounds into double play, 6-4-3 (Groundball, 6)
|
Batting: LHB Juan Hinojosa
|
0-0: Ball 1-0: Ball 2-0: Called Strike 2-1: Ball 3-1: Fly out, F7 (Line Drive, 7S)
|
Top of the 2nd over - 0 run(s), 0 hit(s), 0 error(s), 0 left on base; Lee's Summit 0 - Cincinnati 0 |
BOTTOM OF THE 2ND |
Cincinnati Pride batting - Pitching for Lee's Summit Tigers : LHP Craig Sturdy
|
Batting: RHB Roberto Chávez
|
0-0: Ball 1-0: Ball 2-0: Swinging Strike 2-1: Foul Ball, location: 2F 2-2: Foul Ball, location: 2F 2-2: Ball 3-2: Strikes out swinging
|
Batting: RHB Randy Simons
|
0-0: Called Strike 0-1: Ball 1-1: Ball 2-1: Called Strike 2-2: Foul Ball, location: 2F 2-2: Strikes out looking
|
Batting: RHB Pablo Gómez
|
0-0: Swinging Strike 0-1: Ball 1-1: Foul Ball, location: 2F 1-2: Fly out, F8 (Popup, 4MD)
|
Bottom of the 2nd over - 0 run(s), 0 hit(s), 0 error(s), 0 left on base; Lee's Summit 0 - Cincinnati 0 |
TOP OF THE 3RD |
Lee's Summit Tigers batting - Pitching for Cincinnati Pride : RHP Tomás Pagán
|
Batting: LHB Bill Frazier
|
0-0: Ball 1-0: Ball 2-0: Called Strike 2-1: Foul Ball, location: 2F 2-2: Foul Ball, location: 2F 2-2: Ball 3-2: Foul Ball, location: 2F 3-2: Foul Ball, location: 2F 3-2: Base on Balls
|
Batting: LHB José López
|
0-0: Ground out 3-1 (Groundball, 34S) Bill Frazier to second
|
Batting: RHB Flint Todd
|
0-0: Ball 1-0: Called Strike 1-1: Called Strike 1-2: Strikes out swinging
|
Batting: SHB Juan Glaviz
|
0-0: Called Strike 0-1: TRIPLE (Flyball, 89M) Bill Frazier scores
|
Batting: RHB Carlos Flores
|
0-0: Called Strike 0-1: Swinging Strike 0-2: Ball Wild Pitch! Juan Glaviz scores 1-2: Strikes out swinging
|
Top of the 3rd over - 2 run(s), 1 hit(s), 0 error(s), 0 left on base; Lee's Summit 2 - Cincinnati 0 |
BOTTOM OF THE 3RD |
Cincinnati Pride batting - Pitching for Lee's Summit Tigers : LHP Craig Sturdy
|
Batting: RHB Álex Hernández
|
0-0: Foul Ball, location: 2F 0-1: Called Strike 0-2: Ball 1-2: Strikes out swinging
|
Batting: LHB Marvin Morris
|
0-0: Called Strike 0-1: Swinging Strike 0-2: Foul Ball, location: 2F 0-2: Foul Ball, location: 2F 0-2: Ball 1-2: Hit by Pitch
|
Batting: RHB Norris Howard
|
0-0: Ball 1-0: Ball 2-0: Swinging Strike 2-1: Foul Ball, location: 2F 2-2: Strikes out swinging
|
Batting: RHB Larry Booth
|
0-0: Called Strike 0-1: SINGLE (Groundball, 6MD) Marvin Morris to second
|
Batting: RHB Wilson Flores
|
0-0: Foul Ball, location: 2F 0-1: Swinging Strike 0-2: Strikes out swinging
|
Bottom of the 3rd over - 0 run(s), 1 hit(s), 0 error(s), 2 left on base; Lee's Summit 2 - Cincinnati 0 |
TOP OF THE 4TH |
Lee's Summit Tigers batting - Pitching for Cincinnati Pride : RHP Tomás Pagán
|
Batting: RHB Ed Watkins
|
0-0: Ball 1-0: Foul Ball, location: 2F 1-1: Foul Ball, location: 2F 1-2: Fly out, F8 (Popup, 8LS)
|
Batting: RHB Doug Delaney
|
0-0: Ball 1-0: Foul Ball, location: 2F 1-1: Fly out, F3 (Popup, 3F)
|
Batting: LHB Alfredo Sánchez
|
0-0: Ball 1-0: Ball 2-0: Fly out, F6 (Popup, 6M)
|
Top of the 4th over - 0 run(s), 0 hit(s), 0 error(s), 0 left on base; Lee's Summit 2 - Cincinnati 0 |
BOTTOM OF THE 4TH |
Cincinnati Pride batting - Pitching for Lee's Summit Tigers : LHP Craig Sturdy
|
Batting: RHB Michael Skinner
|
0-0: Ground out 6-3 (Groundball, 6M)
|
Batting: RHB Roberto Chávez
|
0-0: Ball 1-0: Ball 2-0: Foul Ball, location: 2F 2-1: SINGLE (Line Drive, 34)
|
Batting: RHB Randy Simons
|
0-0: 2-RUN HOME RUN (Flyball, 7D), Distance : 387 ft
|
Batting: RHB Pablo Gómez
|
0-0: Ground out 4-3 (Groundball, 4M)
|
Batting: RHB Álex Hernández
|
0-0: Called Strike 0-1: Ball 1-1: Foul Ball, location: 2F 1-2: Ball 2-2: Strikes out swinging
|
Bottom of the 4th over - 2 run(s), 2 hit(s), 0 error(s), 0 left on base; Lee's Summit 2 - Cincinnati 2 |
TOP OF THE 5TH |
Lee's Summit Tigers batting - Pitching for Cincinnati Pride : RHP Tomás Pagán
|
Batting: LHB Juan Hinojosa
|
0-0: Ball 1-0: Called Strike 1-1: Swinging Strike 1-2: Ball 2-2: Foul Ball, location: 2F 2-2: Strikes out swinging
|
Batting: LHB Bill Frazier
|
0-0: Called Strike 0-1: Swinging Strike 0-2: Ball 1-2: Foul Ball, location: 2F 1-2: Fly out, F7 (Flyball, 7S)
|
Batting: LHB José López
|
0-0: Foul Ball, location: 2F 0-1: Foul Ball, location: 2F 0-2: Foul Ball, location: 2F 0-2: Ball 1-2: Strikes out swinging
|
Top of the 5th over - 0 run(s), 0 hit(s), 0 error(s), 0 left on base; Lee's Summit 2 - Cincinnati 2 |
BOTTOM OF THE 5TH |
Cincinnati Pride batting - Pitching for Lee's Summit Tigers : LHP Craig Sturdy
|
Batting: LHB Marvin Morris
|
0-0: Called Strike 0-1: Foul Ball, location: 2F 0-2: Strikes out swinging
|
Batting: RHB Norris Howard
|
0-0: Ball 1-0: Fly out, F7 (Line Drive, 7LM)
|
Batting: RHB Larry Booth
|
0-0: Ball 1-0: Ground out 5-3 (Groundball, 56)
|
Bottom of the 5th over - 0 run(s), 0 hit(s), 0 error(s), 0 left on base; Lee's Summit 2 - Cincinnati 2 |
TOP OF THE 6TH |
Lee's Summit Tigers batting - Pitching for Cincinnati Pride : RHP Tomás Pagán
|
Batting: RHB Flint Todd
|
0-0: Ball 1-0: Ball 2-0: Foul Ball, location: 2F 2-1: Swinging Strike 2-2: Ball 3-2: Strikes out swinging
|
Batting: SHB Juan Glaviz
|
0-0: SINGLE (Groundball, 56)
|
Batting: RHB Carlos Flores
|
0-0: Called Strike 0-1: Ball 1-1: Ball 2-1: Ball 3-1: Base on Balls Juan Glaviz to second
|
Pitching: RHP Fernando Silva
|
|
Batting: RHB Ed Watkins
|
0-0: SINGLE (Line Drive, 56D) Juan Glaviz to third Carlos Flores to second
|
Batting: RHB Doug Delaney
|
0-0: Ball 1-0: Ball 2-0: Ball 3-0: Called Strike 3-1: Fly out, F8 (Flyball, 8RS)
|
Batting: LHB Alfredo Sánchez
|
0-0: Foul Ball, location: 2F 0-1: Ball 1-1: Foul Ball, location: 2F 1-2: Strikes out swinging
|
Top of the 6th over - 0 run(s), 2 hit(s), 0 error(s), 3 left on base; Lee's Summit 2 - Cincinnati 2 |
BOTTOM OF THE 6TH |
Cincinnati Pride batting - Pitching for Lee's Summit Tigers : LHP Craig Sturdy
|
Batting: RHB Wilson Flores
|
0-0: Swinging Strike 0-1: Called Strike 0-2: SINGLE (Line Drive, 8LS)
|
Batting: RHB Michael Skinner
|
0-0: Reached on error, E6 (Groundball, 6) Wilson Flores to second
|
Batting: RHB Roberto Chávez
|
0-0: Ball 1-0: Foul Ball, location: 2F 1-1: Ball 2-1: Called Strike 2-2: Strikes out swinging
|
Batting: RHB Randy Simons
|
0-0: Called Strike 0-1: Foul Ball, location: 2F 0-2: Ball 1-2: Strikes out swinging
|
Batting: RHB Pablo Gómez
|
0-0: Ground out U3 (Groundball, 3L)
|
Bottom of the 6th over - 0 run(s), 1 hit(s), 1 error(s), 2 left on base; Lee's Summit 2 - Cincinnati 2 |
TOP OF THE 7TH |
Lee's Summit Tigers batting - Pitching for Cincinnati Pride : RHP Fernando Silva
|
Batting: LHB Juan Hinojosa
|
0-0: Called Strike 0-1: Foul Ball, location: 2F 0-2: Ground out U3 (Groundball, 3)
|
Batting: LHB Bill Frazier
|
0-0: Ball 1-0: Foul Ball, location: 2F 1-1: Ball 2-1: Foul Ball, location: 2F 2-2: SINGLE (Groundball, 4MD)
|
Batting: LHB José López
|
0-0: Called Strike 0-1: Swinging Strike 0-2: Ball 1-2: 2-RUN HOME RUN (Flyball, 8RXD), Distance : 438 ft
|
Batting: RHB Flint Todd
|
0-0: Ball 1-0: Ball 2-0: Ball 3-0: Called Strike 3-1: Foul Ball, location: 2F 3-2: Foul Ball, location: 2F 3-2: Strikes out swinging
|
Batting: SHB Juan Glaviz
|
0-0: Ball 1-0: Swinging Strike 1-1: Called Strike 1-2: Ball 2-2: Strikes out swinging
|
Top of the 7th over - 2 run(s), 2 hit(s), 0 error(s), 0 left on base; Lee's Summit 4 - Cincinnati 2 |
BOTTOM OF THE 7TH |
Cincinnati Pride batting - Pitching for Lee's Summit Tigers : LHP Craig Sturdy
|
Batting: RHB Álex Hernández
|
0-0: Foul Ball, location: 2F 0-1: Ball 1-1: Ball 2-1: Ball 3-1: Swinging Strike 3-2: Strikes out swinging
|
Batting: LHB Marvin Morris
|
0-0: Swinging Strike 0-1: Foul Ball, location: 2F 0-2: Strikes out swinging
|
Batting: RHB Norris Howard
|
0-0: Ball 1-0: Swinging Strike 1-1: Ball 2-1: Called Strike 2-2: Ball 3-2: SINGLE (Groundball, 6MD)
|
Pitching: LHP Jorge Ybarra
|
|
Batting: RHB Larry Booth
|
0-0: Ball 1-0: Called Strike 1-1: Ball 2-1: Ball Passed Ball! Norris Howard to second 3-1: Foul Ball, location: 2F 3-2: Foul Ball, location: 2F 3-2: Base on Balls
|
Batting: RHB Wilson Flores
|
0-0: Foul Ball, location: 2F 0-1: Ball 1-1: Ball 2-1: SINGLE (Groundball, 6M) Norris Howard to third Larry Booth to second Runner from 3rd tries for Home, SAFE, no throw or cutoff
|
Pinch Hitting: SHB Rafael Villa
|
0-0: Ball 1-0: Ball 2-0: Ball 3-0: Called Strike 3-1: SINGLE (Flyball, 3D) Larry Booth to third Wilson Flores to second Runner from 3rd tries for Home, SAFE, no throw or cutoff
|
Batting: RHB Roberto Chávez
|
0-0: Ball 1-0: Ball 2-0: Called Strike 2-1: Called Strike 2-2: DOUBLE (Groundball, 5D) Wilson Flores scores Rafael Villa to third
|
Batting: RHB Randy Simons
|
0-0: Foul Ball, location: 2F 0-1: Ball 1-1: Swinging Strike 1-2: Ball 2-2: Foul Ball, location: 2F 2-2: Ball 3-2: Strikes out swinging
|
Bottom of the 7th over - 3 run(s), 4 hit(s), 0 error(s), 2 left on base; Lee's Summit 4 - Cincinnati 5 |
TOP OF THE 8TH |
Lee's Summit Tigers batting - Pitching for Cincinnati Pride : RHP Fernando Silva
|
Pitching: RHP Jesús Andrade
|
|
Now in RF: Wes Stone
|
|
Batting: RHB Carlos Flores
|
0-0: Called Strike 0-1: Ball 1-1: Swinging Strike 1-2: Ball 2-2: Strikes out looking
|
Batting: RHB Ed Watkins
|
0-0: Ball 1-0: Ball 2-0: Fly out, F8 (Flyball, 8RS)
|
Batting: RHB Doug Delaney
|
0-0: Foul Ball, location: 2F 0-1: Foul Ball, location: 2F 0-2: Ball 1-2: Foul Ball, location: 2F 1-2: Ball 2-2: Foul Ball, location: 2F 2-2: Strikes out swinging
|
Top of the 8th over - 0 run(s), 0 hit(s), 0 error(s), 0 left on base; Lee's Summit 4 - Cincinnati 5 |
BOTTOM OF THE 8TH |
Cincinnati Pride batting - Pitching for Lee's Summit Tigers : LHP Jorge Ybarra
|
Batting: RHB Pablo Gómez
|
0-0: Called Strike 0-1: Fly out, F4 (Popup, 4D)
|
Batting: RHB Álex Hernández
|
0-0: Ball 1-0: Ball 2-0: Foul Ball, location: 2F 2-1: Foul Ball, location: 2F 2-2: SINGLE (Groundball, 6MD)
|
Pinch Hitting: RHB Gabriel Villegas
|
0-0: Foul Ball, location: 2F 0-1: Fly out, F8 (Line Drive, 8LM)
|
Batting: RHB Norris Howard
|
0-0: Called Strike 0-1: Called Strike 0-2: Strikes out swinging
|
Bottom of the 8th over - 0 run(s), 1 hit(s), 0 error(s), 1 left on base; Lee's Summit 4 - Cincinnati 5 |
TOP OF THE 9TH |
Lee's Summit Tigers batting - Pitching for Cincinnati Pride : RHP Jesús Andrade
|
Pitching: RHP Eusébio Lagarto
|
|
Now at C: Gabriel Villegas
|
|
Now at 3B: Juan Martínez
|
|
Batting: LHB Alfredo Sánchez
|
0-0: Swinging Strike 0-1: Swinging Strike 0-2: Ball 1-2: Ball 2-2: Foul Ball, location: 2F 2-2: Strikes out swinging
|
Batting: LHB Juan Hinojosa
|
0-0: SINGLE (Line Drive, 4)
|
Batting: LHB Bill Frazier
|
0-0: Ball 1-0: Fly out, F9 (Flyball, 9M)
|
Batting: LHB José López
|
0-0: Ball Wild Pitch! Juan Hinojosa to second 1-0: Called Strike 1-1: Ball 2-1: Foul Ball, location: 2F 2-2: Strikes out looking
|
Top of the 9th over - 0 run(s), 1 hit(s), 0 error(s), 1 left on base; Lee's Summit 4 - Cincinnati 5 |
|